TOP OF THE 1ST |
Amity Gardens Westerners batting - Pitching for Gilbert Fire Fighters : RHP Jorge Álvarez
|
Pitching: RHP Jorge Álvarez
|
|
Batting: RHB Jorge García
|
0-0: Ball 1-0: Swinging Strike 1-1: Foul Ball, location: 2F 1-2: Ball 2-2: Ball 3-2: Strikes out swinging
|
Batting: LHB Jack Mitchell
|
0-0: Ball 1-0: Ground out 4-3 (Groundball, 34D)
|
Batting: SHB Ricky Edwards
|
0-0: Ball 1-0: Swinging Strike 1-1: Foul Ball, location: 2F 1-2: Strikes out swinging
|
Top of the 1st over - 0 run(s), 0 hit(s), 0 error(s), 0 left on base; Amity Gardens 0 - Gilbert 0 |
BOTTOM OF THE 1ST |
Gilbert Fire Fighters batting - Pitching for Amity Gardens Westerners : RHP Don Ford
|
Pitching: RHP Don Ford
|
|
Batting: RHB Cristián Cauozos
|
0-0: Swinging Strike 0-1: Bunted foul 0-2: Ball 1-2: Ball 2-2: Foul Ball, location: 2F 2-2: Ground out 1-3 (Groundball, 15S)
|
Batting: RHB George Medine
|
0-0: Swinging Strike 0-1: Foul Ball, location: 2F 0-2: Ball 1-2: Foul Ball, location: 2F 1-2: Fly out, F9 (Line Drive, 89M)
|
Batting: SHB George Wells
|
0-0: Swinging Strike 0-1: Called Strike 0-2: Ball 1-2: Strikes out looking
|
Bottom of the 1st over - 0 run(s), 0 hit(s), 0 error(s), 0 left on base; Amity Gardens 0 - Gilbert 0 |
TOP OF THE 2ND |
Amity Gardens Westerners batting - Pitching for Gilbert Fire Fighters : RHP Jorge Álvarez
|
Batting: SHB Chris Barrett
|
0-0: Ball 1-0: Foul Ball, location: 2F 1-1: Swinging Strike 1-2: Ball 2-2: Foul Ball, location: 2F 2-2: Strikes out looking
|
Batting: RHB Spike Walters
|
0-0: Fly out, F5 (Line Drive, 5)
|
Batting: RHB Tomás Rivera
|
0-0: Foul Ball, location: 2F 0-1: Foul Ball, location: 2F 0-2: Ball 1-2: Reached on error, E5 (Groundball, 5)
|
Batting: RHB Luis López
|
0-0: Foul Ball, location: 2F 0-1: Swinging Strike 0-2: Ball 1-2: Strikes out looking
|
Top of the 2nd over - 0 run(s), 0 hit(s), 1 error(s), 1 left on base; Amity Gardens 0 - Gilbert 0 |
BOTTOM OF THE 2ND |
Gilbert Fire Fighters batting - Pitching for Amity Gardens Westerners : RHP Don Ford
|
Batting: LHB Bill Handy
|
0-0: Ball 1-0: Ball 2-0: Ground out 5-3 (Groundball, 5S)
|
Batting: RHB Jorge Álvarez
|
0-0: Foul Ball, location: 2F 0-1: Called Strike 0-2: Ball 1-2: Ball 2-2: Foul Ball, location: 2F 2-2: Foul Ball, location: 2F 2-2: Strikes out swinging
|
Batting: RHB Carl Curry
|
0-0: Ball 1-0: Foul Ball, location: 2F 1-1: SINGLE (Groundball, 4MD)
|
Batting: RHB James Jones
|
0-0: Ball 1-0: Foul Ball, location: 2F 1-1: Fielders Choice at 2nd, 6-4 (Groundball, 6)
|
Bottom of the 2nd over - 0 run(s), 1 hit(s), 0 error(s), 0 left on base; Amity Gardens 0 - Gilbert 0 |
TOP OF THE 3RD |
Amity Gardens Westerners batting - Pitching for Gilbert Fire Fighters : RHP Jorge Álvarez
|
Batting: RHB Josh Bergman
|
0-0: Ball 1-0: Ball 2-0: Called Strike 2-1: Fly out, F7 (Flyball, 7)
|
Batting: SHB Howard Romero
|
0-0: Fly out, F7 (Flyball, 7D)
|
Batting: RHB Jorge García
|
0-0: Called Strike 0-1: Foul Ball, location: 2F 0-2: Strikes out looking
|
Top of the 3rd over - 0 run(s), 0 hit(s), 0 error(s), 0 left on base; Amity Gardens 0 - Gilbert 0 |
BOTTOM OF THE 3RD |
Gilbert Fire Fighters batting - Pitching for Amity Gardens Westerners : RHP Don Ford
|
Batting: RHB Ángel Rodríguez
|
0-0: Ball 1-0: Ground out 1-3 (Groundball, 13S)
|
Batting: SHB Javier Bustamante
|
0-0: Ball 1-0: Ball 2-0: Called Strike 2-1: Ball 3-1: Base on Balls
|
Batting: RHB Cristián Cauozos
|
0-0: SINGLE (Groundball, 6MD) Javier Bustamante to second
|
Batting: RHB George Medine
|
0-0: Ball 1-0: Grounds into double play, 5-4-3 (Groundball, 5)
|
Bottom of the 3rd over - 0 run(s), 1 hit(s), 0 error(s), 1 left on base; Amity Gardens 0 - Gilbert 0 |
TOP OF THE 4TH |
Amity Gardens Westerners batting - Pitching for Gilbert Fire Fighters : RHP Jorge Álvarez
|
Batting: LHB Jack Mitchell
|
0-0: Ball 1-0: Fly out, F7 (Flyball, 7)
|
Batting: SHB Ricky Edwards
|
0-0: Ball 1-0: Ball 2-0: Called Strike 2-1: Fly out, F8 (Flyball, 8LM)
|
Batting: SHB Chris Barrett
|
0-0: SINGLE (Groundball, 34D)
|
Batting: RHB Spike Walters
|
0-0: Foul Ball, location: 2F 0-1: Foul Ball, location: 2F 0-2: Ball Balk! Chris Barrett to second 1-2: Strikes out swinging
|
Top of the 4th over - 0 run(s), 1 hit(s), 0 error(s), 1 left on base; Amity Gardens 0 - Gilbert 0 |
BOTTOM OF THE 4TH |
Gilbert Fire Fighters batting - Pitching for Amity Gardens Westerners : RHP Don Ford
|
Batting: SHB George Wells
|
0-0: Fly out, F9 (Flyball, 9)
|
Batting: LHB Bill Handy
|
0-0: Called Strike 0-1: Called Strike 0-2: Foul Ball, location: 2F 0-2: Fly out, F9 (Flyball, 9LS)
|
Batting: RHB Jorge Álvarez
|
0-0: SINGLE (Flyball, 89S)
|
Batting: RHB Carl Curry
|
0-0: Ball 1-0: Called Strike 1-1: Called Strike 1-2: Strikes out looking
|
Bottom of the 4th over - 0 run(s), 1 hit(s), 0 error(s), 1 left on base; Amity Gardens 0 - Gilbert 0 |
TOP OF THE 5TH |
Amity Gardens Westerners batting - Pitching for Gilbert Fire Fighters : RHP Jorge Álvarez
|
Batting: RHB Tomás Rivera
|
0-0: Swinging Strike 0-1: Ball 1-1: Swinging Strike 1-2: Ball 2-2: Strikes out swinging
|
Batting: RHB Luis López
|
0-0: Called Strike 0-1: Called Strike 0-2: Ball 1-2: Foul Ball, location: 2F 1-2: Ball 2-2: Ball 3-2: Base on Balls
|
Batting: RHB Josh Bergman
|
0-0: Called Strike 0-1: Foul Ball, location: 2F 0-2: Ball 1-2: Strikes out swinging
|
Batting: SHB Howard Romero
|
0-0: Called Strike 0-1: Foul Ball, location: 2F 0-2: Ball 1-2: Ball 2-2: Foul Ball, location: 2F 2-2: Strikes out swinging
|
Top of the 5th over - 0 run(s), 0 hit(s), 0 error(s), 1 left on base; Amity Gardens 0 - Gilbert 0 |
BOTTOM OF THE 5TH |
Gilbert Fire Fighters batting - Pitching for Amity Gardens Westerners : RHP Don Ford
|
Batting: RHB James Jones
|
0-0: Called Strike 0-1: Ball 1-1: Foul Ball, location: 2F 1-2: Strikes out looking
|
Batting: RHB Ángel Rodríguez
|
0-0: Called Strike 0-1: Ball 1-1: Foul Ball, location: 2F 1-2: Ball 2-2: Strikes out looking
|
Batting: SHB Javier Bustamante
|
0-0: Called Strike 0-1: Called Strike 0-2: Strikes out looking
|
Bottom of the 5th over - 0 run(s), 0 hit(s), 0 error(s), 0 left on base; Amity Gardens 0 - Gilbert 0 |
TOP OF THE 6TH |
Amity Gardens Westerners batting - Pitching for Gilbert Fire Fighters : RHP Jorge Álvarez
|
Batting: RHB Jorge García
|
0-0: Fly out, F8 (Flyball, 8LM)
|
Batting: LHB Jack Mitchell
|
0-0: Ball 1-0: SINGLE (Line Drive, 8RS)
|
Batting: SHB Ricky Edwards
|
0-0: Ball 1-0: Fly out, F8 (Flyball, 8LM)
|
Batting: SHB Chris Barrett
|
0-0: Ball 1-0: Ball 2-0: Ball 3-0: Called Strike 3-1: Base on Balls Jack Mitchell to second
|
Batting: RHB Spike Walters
|
0-0: Foul Ball, location: 2F 0-1: Ball 1-1: Ball 2-1: SINGLE (Line Drive, 9) Jack Mitchell to third Chris Barrett to second Runner from 3rd tries for Home, SAFE, throw made at trailing runner, SAFE at third!
|
Batting: RHB Tomás Rivera
|
0-0: Ball 1-0: Ball 2-0: Foul Ball, location: 2F 2-1: Ball 3-1: Foul Ball, location: 2F 3-2: SINGLE (Flyball, 78M) Chris Barrett scores Spike Walters to second Spike Walters to third
|
Batting: RHB Luis López
|
0-0: Fielders Choice at 2nd, 6-4 (Groundball, 6)
|
Top of the 6th over - 2 run(s), 3 hit(s), 0 error(s), 1 left on base; Amity Gardens 2 - Gilbert 0 |
BOTTOM OF THE 6TH |
Gilbert Fire Fighters batting - Pitching for Amity Gardens Westerners : RHP Don Ford
|
Batting: RHB Cristián Cauozos
|
0-0: Swinging Strike 0-1: Ball 1-1: Swinging Strike 1-2: Foul Ball, location: 2F 1-2: Ball 2-2: Ball 3-2: Base on Balls
|
Batting: RHB George Medine
|
0-0: Ball 1-0: Foul Ball, location: 2F 1-1: Ball 2-1: Ball 3-1: Swinging Strike 3-2: Grounds into double play, 6-4-3 (Groundball, 6)
|
Batting: SHB George Wells
|
0-0: Foul Ball, location: 2F 0-1: Swinging Strike 0-2: Ball 1-2: Strikes out swinging
|
Bottom of the 6th over - 0 run(s), 0 hit(s), 0 error(s), 0 left on base; Amity Gardens 2 - Gilbert 0 |
TOP OF THE 7TH |
Amity Gardens Westerners batting - Pitching for Gilbert Fire Fighters : RHP Jorge Álvarez
|
Batting: RHB Josh Bergman
|
0-0: SINGLE (Line Drive, 6MD)
|
Batting: SHB Howard Romero
|
0-0: Reached on error, E7 (Flyball, 7D) Josh Bergman to third
|
Pinch Hitting: RHB Scott Dixon
|
0-0: Ball 1-0: Swinging Strike 1-1: SINGLE (Flyball, 78S) Josh Bergman scores Howard Romero to third
|
Batting: LHB Jack Mitchell
|
0-0: Ball Scott Dixon steals 2nd base 1-0: Called Strike 1-1: Ball 2-1: Ground out 6-3 (Groundball, 6)
|
Batting: SHB Ricky Edwards
|
0-0: Intentional Walk
|
Batting: SHB Chris Barrett
|
0-0: Ball 1-0: SINGLE (Line Drive, 6MD) Howard Romero scores Scott Dixon to third Ricky Edwards to second Runner from 3rd tries for Home, SAFE, no throw
|
Batting: RHB Spike Walters
|
0-0: Called Strike 0-1: Foul Ball, location: 2F 0-2: Ball 1-2: Ball 2-2: Ball 3-2: Foul Ball, location: 2F 3-2: Hit by Pitch Ricky Edwards to third Chris Barrett to second
|
Batting: RHB Tomás Rivera
|
0-0: Fly out, F9 (Flyball, 89M) Runner from 3rd tags up, SCORES, no throw
|
Batting: RHB Luis López
|
0-0: Fly out, F6 (Popup, 6D)
|
Top of the 7th over - 4 run(s), 3 hit(s), 1 error(s), 2 left on base; Amity Gardens 6 - Gilbert 0 |
BOTTOM OF THE 7TH |
Gilbert Fire Fighters batting - Pitching for Amity Gardens Westerners : RHP Don Ford
|
Pitching: RHP Rod Whitaker
|
|
Now at 2B: Scott Dixon
|
|
Batting: LHB Bill Handy
|
0-0: Ball 1-0: Ball 2-0: Called Strike 2-1: Foul Ball, location: 2F 2-2: Ground out 4-3 (Groundball, 34)
|
Batting: RHB Jorge Álvarez
|
0-0: Ball 1-0: Ball 2-0: Ball 3-0: Called Strike 3-1: Foul Ball, location: 2F 3-2: Strikes out swinging
|
Batting: RHB Carl Curry
|
0-0: Called Strike 0-1: Foul Ball, location: 2F 0-2: Ball 1-2: Ball 2-2: Foul Ball, location: 2F 2-2: Ball 3-2: Foul Ball, location: 2F 3-2: Foul Ball, location: 2F 3-2: Base on Balls
|
Batting: RHB James Jones
|
0-0: SINGLE (Groundball, 34D) Carl Curry to second
|
Batting: RHB Ángel Rodríguez
|
0-0: Ball 1-0: Foul Ball, location: 2F 1-1: Called Strike 1-2: Foul Ball, location: 2F 1-2: Ball 2-2: Foul Ball, location: 2F 2-2: Ball 3-2: Base on Balls Carl Curry to third James Jones to second
|
Batting: SHB Javier Bustamante
|
0-0: Foul Ball, location: 2F 0-1: Ground out U3 (Groundball, 3L)
|
Bottom of the 7th over - 0 run(s), 1 hit(s), 0 error(s), 3 left on base; Amity Gardens 6 - Gilbert 0 |
TOP OF THE 8TH |
Amity Gardens Westerners batting - Pitching for Gilbert Fire Fighters : RHP Jorge Álvarez
|
Batting: RHB Josh Bergman
|
0-0: Ball 1-0: Ball 2-0: SINGLE (Line Drive, 56)
|
Batting: SHB Howard Romero
|
0-0: Ball 1-0: Foul Ball, location: 2F 1-1: Foul Ball, location: 2F 1-2: Ball 2-2: Ball 3-2: SINGLE (Groundball, 34D) Josh Bergman to second Throwing error, E9 Josh Bergman scores Howard Romero to second
|
Batting: RHB Scott Dixon
|
0-0: SINGLE (Groundball, 4MD) Howard Romero to third Runner from 3rd tries for Home, SAFE, no throw
|
Batting: LHB Jack Mitchell
|
0-0: Called Strike 0-1: Called Strike 0-2: Ball 1-2: Reached on error, E4 (Groundball, 4) Scott Dixon to second
|
Batting: SHB Ricky Edwards
|
0-0: Called Strike 0-1: Foul Ball, location: 2F 0-2: Ball 1-2: Ball 2-2: Ball 3-2: Ground out 4-3 (Groundball, 34D) Scott Dixon to third Jack Mitchell to second
|
Batting: SHB Chris Barrett
|
0-0: Called Strike 0-1: Ball 1-1: Swinging Strike 1-2: SINGLE (Line Drive, 8LS) Scott Dixon scores Jack Mitchell to third Runner from 3rd tries for Home, SAFE, no throw
|
Batting: RHB Spike Walters
|
0-0: Called Strike 0-1: Fielders Choice at 2nd, 6-4 (Groundball, 6)
|
Batting: RHB Tomás Rivera
|
0-0: Ball 1-0: Fly out, F4 (Popup, 4)
|
Top of the 8th over - 4 run(s), 4 hit(s), 2 error(s), 1 left on base; Amity Gardens 10 - Gilbert 0 |
BOTTOM OF THE 8TH |
Gilbert Fire Fighters batting - Pitching for Amity Gardens Westerners : RHP Rod Whitaker
|
Batting: RHB Cristián Cauozos
|
0-0: Hit by Pitch
|
Batting: RHB George Medine
|
0-0: Ball 1-0: Foul Ball, location: 2F 1-1: Fly out, F8 (Flyball, 78D)
|
Batting: SHB George Wells
|
Pickoff Throw to First - Out! 0-0: Called Strike 0-1: Ball 1-1: Ball 2-1: Called Strike 2-2: Fly out, F9 (Flyball, 89M)
|
Bottom of the 8th over - 0 run(s), 0 hit(s), 0 error(s), 0 left on base; Amity Gardens 10 - Gilbert 0 |
TOP OF THE 9TH |
Amity Gardens Westerners batting - Pitching for Gilbert Fire Fighters : RHP Jorge Álvarez
|
Batting: RHB Luis López
|
0-0: Ball 1-0: Ball 2-0: SINGLE (Groundball, 56D)
|
Batting: RHB Josh Bergman
|
0-0: Fly out, F9 (Flyball, 9)
|
Batting: SHB Howard Romero
|
0-0: Ball 1-0: Ground out U3 (Groundball, 3S) Luis López to second
|
Batting: RHB Scott Dixon
|
0-0: Fly out, F4 (Popup, 4)
|
Top of the 9th over - 0 run(s), 1 hit(s), 0 error(s), 1 left on base; Amity Gardens 10 - Gilbert 0 |
BOTTOM OF THE 9TH |
Gilbert Fire Fighters batting - Pitching for Amity Gardens Westerners : RHP Rod Whitaker
|
Batting: LHB Bill Handy
|
0-0: Foul Ball, location: 2F 0-1: Ball 1-1: Fly out, F8 (Flyball, 8LD)
|
Batting: RHB Jorge Álvarez
|
0-0: Ball 1-0: Foul Ball, location: 2F 1-1: Called Strike 1-2: Strikes out swinging
|
Batting: RHB Carl Curry
|
0-0: Ball 1-0: Fly out, F7 (Flyball, 78S)
|
Bottom of the 9th over - 0 run(s), 0 hit(s), 0 error(s), 0 left on base; Amity Gardens 10 - Gilbert 0 |
|